SL
LONG ISLAND LIGHTHOUSE @ DETROIT ELITE
04/20/2042
 
TOP OF THE 1ST
Long Island Lighthouse batting - Pitching for Detroit Elite : RHP Lewis Carter
Pitching: RHP Lewis Carter
Batting: RHB Mark Toope 0-0: Called Strike
0-1: Fly out, F8 (Flyball, 8LS, EV 79.4 MPH)
Batting: LHB Ramón Garmendia 0-0: Ball
1-0: Called Strike
1-1: Ball
2-1: Foul Ball, location: 2F
2-2: Ball
3-2: Foul Ball, location: 2F
3-2: Foul Ball, location: 2F
3-2: Ground out 1-3 (Groundball, 34S, EV 83.8 MPH)
Batting: RHB Jonas van Claveren 0-0: Ball
1-0: Ball
2-0: Ball
3-0: Called Strike
3-1: Fly out, F8 (Flyball, 8LXD, EV 103.1 MPH)
Top of the 1st over - 0 runs, 0 hits, 0 errors, 0 left on base; Long Island 0 - Detroit 0
BOTTOM OF THE 1ST
Detroit Elite batting - Pitching for Long Island Lighthouse : RHP Juriaan Roos
Pitching: RHP Juriaan Roos
Batting: RHB Dejmi Dumervil 0-0: Called Strike
0-1: SINGLE (Flyball, 78S, EV 91.2 MPH)
Batting: LHB Jack McCusker 0-0: Called Strike
0-1: Foul Ball, location: 2F
0-2: SINGLE (Line Drive, 9S, EV 97.5 MPH)
Dejmi Dumervil to second
Runner from 2nd tries for 3rd, SAFE, throw by RF made to third
Batting: RHB Gah-fat Liu 0-0: Ball
1-0: Called Strike
1-1: Ball
2-1: Ball
3-1: Foul Ball, location: 2F
3-2: Foul Ball, location: 2F
3-2: Ground out 4-3 (Groundball, 4, EV 90.0 MPH)
Dejmi Dumervil scores
Jack McCusker to second
Batting: RHB Manuel Ramos 0-0: Ball
Jack McCusker steals 3rd base
1-0: Fly out, F9 (Flyball, 9, EV 86.2 MPH)
Runner from 3rd tags up, OUT at HOME! 9-2
Bottom of the 1st over - 1 run, 2 hits, 0 errors, 0 left on base; Long Island 0 - Detroit 1
TOP OF THE 2ND
Long Island Lighthouse batting - Pitching for Detroit Elite : RHP Lewis Carter
Batting: RHB Iiri Haapajarvi 0-0: SINGLE (Line Drive, 78S, EV 110.0 MPH)
Batting: RHB Oliver Villalva 0-0: Ball
1-0: Ball
2-0: Fly out, F7 (Flyball, 78D, EV 95.0 MPH)
Batting: RHB Carlos Mendoza 0-0: Foul Ball, location: 2F
0-1: Ball
1-1: Called Strike
1-2: Hit by Pitch
Iiri Haapajarvi to second
Batting: SHB Vicente Romero 0-0: Ball
1-0: Fly out, F8 (Line Drive, 8RD, EV 104.4 MPH)
Batting: RHB Quan Easterling 0-0: Ball
1-0: Swinging Strike
1-1: Ball
2-1: Ball
3-1: Swinging Strike
3-2: SINGLE (Line Drive, 78S, EV 99.4 MPH)
Iiri Haapajarvi to third
Carlos Mendoza to second
Iiri Haapajarvi scores
Carlos Mendoza to third
Batting: RHB Kevin Baxter 0-0: Ball
1-0: Called Strike
1-1: Swinging Strike
1-2: Ball
2-2: Ball
3-2: Foul Ball, location: 2F
3-2: Fly out, F8 (Line Drive, 8LD, EV 90.0 MPH)
Top of the 2nd over - 1 run, 2 hits, 0 errors, 2 left on base; Long Island 1 - Detroit 1
BOTTOM OF THE 2ND
Detroit Elite batting - Pitching for Long Island Lighthouse : RHP Juriaan Roos
Batting: RHB Amon-Ra St. Brown 0-0: Foul Ball, location: 2F
0-1: Ball
1-1: Ball
2-1: SINGLE (Flyball, 89S, EV 96.9 MPH)
Batting: LHB Ashley Thachi 0-0: Ball
Wild Pitch!
Amon-Ra St. Brown to second
1-0: Fly out, F9 (Line Drive, 9, EV 92.5 MPH)
Batting: LHB Murray Sperber 0-0: Called Strike
0-1: Ball
1-1: Ball
2-1: Foul Ball, location: 2F
2-2: Strikes out swinging
Batting: RHB Víctor Cuevas 0-0: Ball
1-0: Fly out, F6 (Line Drive, 6, EV 61.2 MPH)
Bottom of the 2nd over - 0 runs, 1 hit, 0 errors, 1 left on base; Long Island 1 - Detroit 1
TOP OF THE 3RD
Long Island Lighthouse batting - Pitching for Detroit Elite : RHP Lewis Carter
Batting: RHB Mark Toope 0-0: Ball
1-0: Called Strike
1-1: Ball
2-1: Ball
3-1: Called Strike
3-2: Fly out, F9 (Flyball, 9, EV 90.0 MPH)
Batting: LHB Ramón Garmendia 0-0: Foul Ball, location: 2F
0-1: Ball
1-1: Ball
2-1: Foul Ball, location: 2F
2-2: Ball
3-2: Reached on error, E5 (Popup, 56S, EV 71.9 MPH)
Batting: RHB Jonas van Claveren 0-0: Ball
1-0: Foul Ball, location: 2F
1-1: Called Strike
1-2: Ball
2-2: DOUBLE (Line Drive, 89D, EV 106.9 MPH)
Ramón Garmendia to third
Batting: RHB Iiri Haapajarvi 0-0: SINGLE (Groundball, 13, EV 68.8 MPH) (infield hit)
Batting: RHB Oliver Villalva 0-0: Foul Ball, location: 2F
0-1: Fly out, F8 (Line Drive, 8LM, EV 89.4 MPH)
Runner from 3rd tags up, SCORES, throw by CF
Batting: RHB Carlos Mendoza 0-0: Ball
1-0: Ball
2-0: Foul Ball, location: 2F
2-1: Foul Ball, location: 2F
2-2: Ball
3-2: Strikes out swinging passed ball, reaches first!
Jonas van Claveren to third
Iiri Haapajarvi to second
Batting: SHB Vicente Romero 0-0: Ball
1-0: Fly out, F8 (Line Drive, 8RD, EV 95.0 MPH)
Top of the 3rd over - 1 run, 2 hits, 1 error, 3 left on base; Long Island 2 - Detroit 1
BOTTOM OF THE 3RD
Detroit Elite batting - Pitching for Long Island Lighthouse : RHP Juriaan Roos
Batting: RHB Sergio Aguero 0-0: Called Strike
0-1: Ball
1-1: Foul Ball, location: 2F
1-2: Ball
2-2: Ball
3-2: Ground out 1-3 (Groundball, 34S, EV 88.8 MPH)
Batting: RHB Dejmi Dumervil 0-0: Ball
1-0: Ball
2-0: Foul Ball, location: 2F
2-1: Called Strike
2-2: Ball
3-2: Strikes out looking
Batting: LHB Jack McCusker 0-0: Ball
1-0: Swinging Strike
1-1: Called Strike
1-2: Fly out, F8 (Line Drive, 8RD, EV 90.6 MPH)
Bottom of the 3rd over - 0 runs, 0 hits, 0 errors, 0 left on base; Long Island 2 - Detroit 1
TOP OF THE 4TH
Long Island Lighthouse batting - Pitching for Detroit Elite : RHP Lewis Carter
Batting: RHB Quan Easterling 0-0: Called Strike
0-1: Ground out 1-3 (Groundball, 13S, EV 73.1 MPH)
Batting: RHB Kevin Baxter 0-0: Foul Ball, location: 2F
0-1: Ball
1-1: Ground out 1-3 (Groundball, 15, EV 85.6 MPH)
Batting: RHB Mark Toope 0-0: Fly out, F8 (Flyball, 8RM, EV 79.4 MPH)
Top of the 4th over - 0 runs, 0 hits, 0 errors, 0 left on base; Long Island 2 - Detroit 1
BOTTOM OF THE 4TH
Detroit Elite batting - Pitching for Long Island Lighthouse : RHP Juriaan Roos
Batting: RHB Gah-fat Liu 0-0: Ball
1-0: Ground out 4-3 (Groundball, 4, EV 82.5 MPH)
Batting: RHB Manuel Ramos 0-0: Foul Ball, location: 2F
0-1: Ball
1-1: Called Strike
1-2: Fly out, F7 (Flyball, 7LS, EV 83.1 MPH)
Batting: RHB Amon-Ra St. Brown 0-0: Ball
1-0: Swinging Strike
1-1: Foul Ball, location: 2F
1-2: Ground out 5-3 (Groundball, 5S, EV 90.6 MPH)
Bottom of the 4th over - 0 runs, 0 hits, 0 errors, 0 left on base; Long Island 2 - Detroit 1
TOP OF THE 5TH
Long Island Lighthouse batting - Pitching for Detroit Elite : RHP Lewis Carter
Pitching: LHP Héctor Cantú
Batting: LHB Ramón Garmendia 0-0: Foul Ball, location: 2F
0-1: Ground out U3 (Groundball, 3, EV 90.0 MPH)
Batting: RHB Jonas van Claveren 0-0: Called Strike
0-1: Ball
1-1: Called Strike
1-2: Ball
2-2: Ball
3-2: Base on Balls
Batting: RHB Iiri Haapajarvi 0-0: Foul Ball, location: 2F
0-1: Foul Ball, location: 2F
0-2: Foul Ball, location: 2F
0-2: Ball
1-2: Strikes out swinging
Batting: RHB Oliver Villalva 0-0: Ball
1-0: Ball
2-0: Foul Ball, location: 2F
2-1: Foul Ball, location: 2F
2-2: Ball
3-2: SINGLE (Groundball, 56, EV 100.6 MPH) (infield hit)
Jonas van Claveren to second
Batting: RHB Carlos Mendoza 0-0: Called Strike
0-1: Ground out U3 (Groundball, 34S, EV 73.8 MPH)
Top of the 5th over - 0 runs, 1 hit, 0 errors, 2 left on base; Long Island 2 - Detroit 1
BOTTOM OF THE 5TH
Detroit Elite batting - Pitching for Long Island Lighthouse : RHP Juriaan Roos
Pitching: RHP Rook Ellington
Batting: LHB Ashley Thachi 0-0: Called Strike
0-1: Ball
1-1: Ball
2-1: Foul Ball, location: 2F
2-2: Foul Ball, location: 2F
2-2: Ball
3-2: Ground out 4-3 (Groundball, 4, EV 83.1 MPH)
Batting: LHB Murray Sperber 0-0: Ball
1-0: Ground out U3 (Groundball, 34, EV 108.8 MPH)
Batting: RHB Víctor Cuevas 0-0: Called Strike
0-1: Foul Ball, location: 2F
0-2: Ground out 6-3 (Groundball, 6, EV 93.1 MPH)
Bottom of the 5th over - 0 runs, 0 hits, 0 errors, 0 left on base; Long Island 2 - Detroit 1
TOP OF THE 6TH
Long Island Lighthouse batting - Pitching for Detroit Elite : LHP Héctor Cantú
Batting: SHB Vicente Romero 0-0: Called Strike
0-1: Swinging Strike
0-2: SOLO HOME RUN (Line Drive, 89XD, EV 103.8 MPH), Distance : 414 ft
Batting: RHB Quan Easterling 0-0: Fly out, F9 (Flyball, 89M, EV 88.1 MPH)
Pitching: LHP Tony Torres
Batting: RHB Kevin Baxter 0-0: Ground out 5-3 (Groundball, 56, EV 88.8 MPH)
Pinch Hitting: LHB Shohei Otani 0-0: Ball
1-0: Foul Ball, location: 2F
1-1: Ball
2-1: Ground out U3 (Groundball, 34, EV 83.1 MPH)
Top of the 6th over - 1 run, 1 hit, 0 errors, 0 left on base; Long Island 3 - Detroit 1
BOTTOM OF THE 6TH
Detroit Elite batting - Pitching for Long Island Lighthouse : RHP Rook Ellington
Now at 1B: Nathan Pruitt
Batting: RHB Sergio Aguero 0-0: Fly out, F8 (Line Drive, 8RD, EV 94.4 MPH)
Batting: RHB Dejmi Dumervil 0-0: Ball
1-0: Swinging Strike
1-1: Ball
2-1: Foul Ball, location: 2F
2-2: Hit by Pitch
Batting: LHB Jack McCusker 0-0: Ball
1-0: Foul Ball, location: 2F
1-1: Ball
2-1: Ball
3-1: Foul Ball, location: 2F
3-2: DOUBLE (Line Drive, 9LD, EV 108.1 MPH)
Dejmi Dumervil to third
Batting: RHB Gah-fat Liu 0-0: Ball
1-0: Ball
2-0: Ball
3-0: Called Strike
3-1: Foul Ball, location: 2F
3-2: Fly out, F9 (Flyball, 9, EV 88.8 MPH)
Runner from 3rd tags up, SCORES, no throw by RF
Batting: RHB Manuel Ramos 0-0: Ball
1-0: Called Strike
1-1: Called Strike
1-2: Ground out 4-3 (Groundball, 4M, EV 80.0 MPH)
Bottom of the 6th over - 1 run, 1 hit, 0 errors, 1 left on base; Long Island 3 - Detroit 2
TOP OF THE 7TH
Long Island Lighthouse batting - Pitching for Detroit Elite : LHP Tony Torres
Pinch Hitting: SHB Alvin Peterson 0-0: Ball
1-0: Called Strike
1-1: Foul Ball, location: 2F
1-2: SINGLE (Groundball, 6M, EV 103.1 MPH) (infield hit)
Pinch Hitting: RHB Nigel Sturges 0-0: Ball
1-0: Ball
2-0: Foul Ball, location: 2F
2-1: Swinging Strike
2-2: Foul Ball, location: 2F
2-2: Strikes out looking
Batting: RHB Joe Aller 0-0: Ball
1-0: Swinging Strike
1-1: Swinging Strike
1-2: Ball
2-2: Foul Ball, location: 2F
2-2: Ball
3-2: Base on Balls
Alvin Peterson to second
Pinch Hitting: LHB Daniel Joseph 0-0: Ball
1-0: Fielders Choice at 2nd, U6 (Groundball, 4M, EV 98.1 MPH)
Alvin Peterson to third
Batting: RHB Carlos Mendoza 0-0: Ball
1-0: Called Strike
1-1: Foul Ball, location: 2F
1-2: Ball
2-2: Ball
3-2: SINGLE (Groundball, 34D, EV 98.8 MPH)
Alvin Peterson scores
Daniel Joseph to second
Daniel Joseph to third
Pinch Hitting: RHB Chip Mullaney 0-0: DOUBLE (Line Drive, 78XD, EV 112.5 MPH)
Daniel Joseph scores
Carlos Mendoza to third
Batting: RHB Quan Easterling 0-0: Ball
1-0: Ball
2-0: Ball
3-0: DOUBLE (Line Drive, 78XD, EV 105.6 MPH)
Carlos Mendoza scores
Chip Mullaney scores
Pitching: RHP Maverick McNealy
Pinch Hitting: RHB Eugene Bennett 0-0: Ground out 6-3 (Groundball, 6, EV 105.0 MPH)
Top of the 7th over - 4 runs, 4 hits, 0 errors, 1 left on base; Long Island 7 - Detroit 2
BOTTOM OF THE 7TH
Detroit Elite batting - Pitching for Long Island Lighthouse : RHP Rook Ellington
Now at 2B: Nigel Sturges
Now at SS: Alvin Peterson
Now in LF: Chip Mullaney
Now in CF: Daniel Joseph
Now in RF: Eugene Bennett
Batting: RHB Amon-Ra St. Brown 0-0: Fly out, F4 (Line Drive, 4, EV 60.6 MPH)
Batting: LHB Ashley Thachi 0-0: Called Strike
0-1: Called Strike
0-2: Ball
1-2: Strikes out swinging
Batting: LHB Murray Sperber 0-0: Ball
1-0: Ball
2-0: Called Strike
2-1: Ball
3-1: Base on Balls
Batting: RHB Víctor Cuevas 0-0: Ball
1-0: Foul Ball, location: 2F
1-1: Ball
2-1: Foul Ball, location: 2F
2-2: Ball
Murray Sperber steals 2nd base
3-2: Base on Balls
Batting: RHB Sergio Aguero 0-0: Ball
1-0: Called Strike
1-1: SINGLE (Groundball, 6MD, EV 107.5 MPH)
Murray Sperber to third
Víctor Cuevas to second
Runner from 3rd tries for Home, SAFE, throw by CF to home
Pinch Hitting: RHB Freedon Akinmoladun 0-0: Ball
1-0: DOUBLE (Line Drive, 78D, EV 104.4 MPH)
Víctor Cuevas scores
Sergio Aguero to third
Runner from 3rd tries for Home, SAFE, no throw by LF
Pitching: RHP Mac Hippenhammer
Pinch Hitting: LHB Dave Watts 0-0: Fly out, F8 (Line Drive, 8LD, EV 89.4 MPH)
Bottom of the 7th over - 3 runs, 2 hits, 0 errors, 1 left on base; Long Island 7 - Detroit 5
TOP OF THE 8TH
Long Island Lighthouse batting - Pitching for Detroit Elite : RHP Maverick McNealy
Now at 2B: Freedon Akinmoladun
Now in CF: Dave Watts
Batting: RHB Nathan Pruitt 0-0: Called Strike
0-1: Ball
1-1: Ground out 6-3 (Groundball, 6, EV 76.9 MPH)
Batting: SHB Alvin Peterson 0-0: Swinging Strike
0-1: Foul Ball, location: 2F
0-2: Ball
1-2: Strikes out looking
Batting: RHB Nigel Sturges 0-0: Swinging Strike
0-1: Ball
1-1: Swinging Strike
1-2: Strikes out swinging
Top of the 8th over - 0 runs, 0 hits, 0 errors, 0 left on base; Long Island 7 - Detroit 5
BOTTOM OF THE 8TH
Detroit Elite batting - Pitching for Long Island Lighthouse : RHP Mac Hippenhammer
Pinch Hitting: RHB Estanislao Hirigoyen 0-0: Ball
1-0: Foul Ball, location: 2F
1-1: Swinging Strike
1-2: Foul Ball, location: 2F
1-2: Foul Ball, location: 2F
1-2: Ground out 5-3 (Groundball, 56, EV 98.8 MPH)
Batting: RHB Manuel Ramos 0-0: Swinging Strike
0-1: Called Strike
0-2: Ball
1-2: Foul Ball, location: 2F
1-2: Strikes out swinging
Batting: RHB Amon-Ra St. Brown 0-0: Called Strike
0-1: Foul Ball, location: 2F
0-2: Fly out, F9 (Line Drive, 9D, EV 87.5 MPH)
Bottom of the 8th over - 0 runs, 0 hits, 0 errors, 0 left on base; Long Island 7 - Detroit 5
TOP OF THE 9TH
Long Island Lighthouse batting - Pitching for Detroit Elite : RHP Maverick McNealy
Now in CF: Estanislao Hirigoyen
Batting: RHB Joe Aller 0-0: Called Strike
0-1: Ball
1-1: Foul Ball, location: 2F
1-2: Strikes out looking
Batting: LHB Daniel Joseph 0-0: Called Strike
0-1: Fly out, F8 (Flyball, 89XD, EV 91.2 MPH)
Batting: RHB Carlos Mendoza 0-0: Ball
1-0: Foul Ball, location: 2F
1-1: Called Strike
1-2: Fly out, F9 (Flyball, 89S, EV 87.5 MPH)
Top of the 9th over - 0 runs, 0 hits, 0 errors, 0 left on base; Long Island 7 - Detroit 5
BOTTOM OF THE 9TH
Detroit Elite batting - Pitching for Long Island Lighthouse : RHP Mac Hippenhammer
Pitching: LHP Fred Proctor
Batting: LHB Ashley Thachi 0-0: Called Strike
0-1: Fly out, F8 (Flyball, 78M, EV 98.8 MPH)
Pitching: RHP Carlos Rodríguez
Batting: LHB Murray Sperber 0-0: Ball
1-0: Foul Ball, location: 2F
1-1: Ball
2-1: Called Strike
2-2: Ball
3-2: Ground out 5-3 (Groundball, 56D, EV 86.2 MPH)
Batting: RHB Daryl Yandell 0-0: Ball
1-0: Fly out, F6 (Popup, 6MD, EV 55.0 MPH)
Bottom of the 9th over - 0 runs, 0 hits, 0 errors, 0 left on base; Long Island 7 - Detroit 5
Friday, March 26th, 2021 - OOTP Baseball 20.8 Build 74